[Event "ICC tourney 2228 (30 10)"]
[Site "Internet Chess Club"]
[Date "2020.12.20"]
[Round "1"]
[White "cohaji"]
[Black "SGOLD9367"]
[Result "0-1"]
[ICCResult "White resigns"]
[WhiteElo "1500"]
[BlackElo "1338"]
[Opening "Giuoco Piano"]
[ECO "C50"]
[NIC "IG.02"]
[Time "11:03:48"]
[PlyCount "34"]
[TimeControl "1800+10"]


1. e4 e5 2. Nf3 Nc6 3. Bc4 Bc5 4. O-O a6 5. a3 Nf6 6. d3 h6 7. Ba2 O-O 8.
Nxe5 Nxe5 9. d4 Be7 10. dxe5 Nxe4 11. Qg4 d5 12. Bxh6 Bxg4 13. Be3 Bc5 14.
Bxc5 Nxc5 15. Nc3 d4 16. Nd5 Qg5 17. h3 Bxh3 { White resigns } 0-1

[Event "ICC tourney 2228 (30 10)"]
[Site "Internet Chess Club"]
[Date "2020.12.20"]
[Round "1"]
[White "qixin99"]
[Black "lwidjaja"]
[Result "0-1"]
[ICCResult "White resigns"]
[WhiteElo "1540"]
[BlackElo "1409"]
[Opening "Ruy Lopez: Berlin defense, open variation"]
[ECO "C67"]
[NIC "RL.07"]
[Time "11:03:49"]
[PlyCount "102"]
[TimeControl "1800+10"]


1. e4 e5 2. Nf3 Nc6 3. Bb5 Nf6 4. O-O Nxe4 5. d4 Nd6 6. Bxc6 dxc6 7. dxe5
Nf5 8. Qxd8+ Kxd8 9. Nc3 Ke8 10. h3 h5 11. Bf4 Be6 12. Rad1 Be7 13. a3 Rd8
14. Rxd8+ Bxd8 15. Rd1 Ne7 16. Nd4 Bd5 17. Nxd5 Nxd5 18. Bh2 Rg8 19. c4 Nb6
20. b3 g5 21. Re1 c5 22. Nb5 a6 23. Nc3 g4 24. hxg4 hxg4 25. Ne4 Nd7 26.
Nc3 Nf8 27. Re4 Ne6 28. Nd5 Rg6 29. Ne3 Nd4 30. Nxg4 Nxb3 31. Ne3 Nd2 32.
Rg4 Rxg4 33. Nxg4 Nxc4 34. Ne3 Nxa3 35. f4 c4 36. Kf2 Be7 37. Ke2 b5 38. f5
Bc5 39. Nd5 Bb6 40. g4 Nc2 41. Kd1 Ne3+ 42. Nxe3 Bxe3 43. e6 fxe6 44. fxe6
c6 45. Bd6 Bg5 46. Kc2 Be7 47. Bf4 Bf8 48. Bg5 Bg7 49. Bh4 b4 50. Be1 a5
51. g5 Ke7 { White resigns } 0-1

[Event "ICC tourney 2228 (30 10)"]
[Site "Internet Chess Club"]
[Date "2020.12.20"]
[Round "1"]
[White "phosur"]
[Black "wildrumpus"]
[Result "0-1"]
[ICCResult "White checkmated"]
[WhiteElo "1347"]
[BlackElo "1535"]
[Opening "Caro-Kann: advance variation"]
[ECO "B12"]
[NIC "CK.04"]
[Time "11:04:15"]
[PlyCount "110"]
[TimeControl "1800+10"]


1. e4 c6 2. d4 d5 3. e5 Bf5 4. Nf3 e6 5. Be2 Ne7 6. O-O Bg6 7. Be3 Nf5 8.
a3 Qb6 9. b4 Nxe3 10. fxe3 Be7 11. c4 dxc4 12. Bxc4 O-O 13. Nc3 Qc7 14. Qe1
Nd7 15. Bb3 Rfc8 16. Ne2 Nb6 17. Nf4 Nd5 18. Rc1 Nxf4 19. exf4 Qb6 20. Qg3
Bh5 21. Rcd1 Rd8 22. Rd2 Bxf3 23. Qxf3 Rxd4 24. Rxd4 Qxd4+ 25. Kh1 Qb2 26.
g4 Rd8 27. Rd1 Rxd1+ 28. Bxd1 Qd4 29. Bc2 g5 30. Qh3 Qd5+ 31. Kg1 Qd4+ 32.
Kg2 Qd2+ 33. Kf1 Qxc2 34. Qe3 Qd1+ 35. Kf2 b6 36. Qg3 Qd2+ 37. Kf1 Qxf4+
38. Qxf4 gxf4 39. Kf2 f6 40. exf6 Bxf6 41. Kf3 e5 42. Ke4 Kf7 43. h3 Ke6
44. a4 Bh4 45. Kf3 Kd5 46. Ke2 e4 47. Kf1 Kd4 48. Kg2 Kd3 49. Kf1 e3 50.
Kg2 e2 51. g5 e1=Q 52. g6 hxg6 53. b5 c5 54. a5 bxa5 55. Kf3 Qg3# { White
checkmated } 0-1

[Event "ICC tourney 2228 (30 10)"]
[Site "Internet Chess Club"]
[Date "2020.12.20"]
[Round "1"]
[White "i3izarre"]
[Black "solveur"]
[Result "0-1"]
[ICCResult "White resigns"]
[WhiteElo "1458"]
[BlackElo "1319"]
[Opening "English: Bremen, reverse dragon"]
[ECO "A22"]
[NIC "EO.10"]
[Time "11:04:08"]
[PlyCount "60"]
[TimeControl "1800+10"]


1. c4 e5 2. Nc3 Nf6 3. g3 d5 4. cxd5 Nxd5 5. Bg2 Nxc3 6. bxc3 Nc6 7. d3 Bc5
8. Nh3 O-O 9. O-O Bg4 10. Ng5 h6 11. Ne4 Bb6 12. Bb2 f5 13. Nd2 Na5 14. c4
Qd6 15. h4 Rad8 16. Nb3 Nxb3 17. Qxb3 Kh7 18. Ba3 c5 19. Qc2 f4 20. d4+ g6
21. dxc5 Bxc5 22. Bxc5 Qxc5 23. Kh2 f3 24. exf3 Bxf3 25. Rab1 Rd7 26. Bxf3
Rxf3 27. Qe2 Rdf7 28. Rxb7 Rxf2+ 29. Rxf2 Rxb7 30. Qe4 Qxf2+ { White
resigns } 0-1

[Event "ICC tourney 2228 (30 10)"]
[Site "Internet Chess Club"]
[Date "2020.12.20"]
[Round "1"]
[White "jjplaman"]
[Black "ChalsparoV"]
[Result "0-1"]
[ICCResult "White resigns"]
[WhiteElo "1415"]
[BlackElo "1569"]
[Opening "Caro-Kann: exchange variation"]
[ECO "B13"]
[NIC "CK.02"]
[Time "11:03:53"]
[PlyCount "78"]
[TimeControl "1800+10"]


1. e4 c6 2. d4 d5 3. exd5 cxd5 4. Nf3 Nc6 5. Nc3 Nf6 6. Bd3 Bg4 7. Bg5 e6
8. O-O Be7 9. h3 Bh5 10. Be2 Qb6 11. Rb1 Bxf3 12. Bxf3 Nxd4 13. Be3 Nxf3+
14. Qxf3 Qc6 15. Bd4 O-O 16. Rfe1 Rfe8 17. Re5 Bc5 18. Bxc5 Qxc5 19. Rg5
Qe7 20. Re1 Rac8 21. Nxd5 Nxd5 22. Rxd5 Rxc2 23. Rb5 b6 24. Qe4 Qc7 25. a3
Rc8 26. g3 Qd7 27. Rb4 Qd2 28. Qe3 Rxb2 29. Rxb2 Qxb2 30. Rd1 h6 31. Rd2
Rc1+ 32. Kg2 Qb1 33. Qd3 Qxd3 34. Rxd3 Rc7 35. Kf3 Kf8 36. Ke4 Ke7 37. Ke5
Rc4 38. Rd4 Rxd4 39. Kxd4 Kd6 { White resigns } 0-1

[Event "ICC tourney 2228 (30 10)"]
[Site "Internet Chess Club"]
[Date "2020.12.20"]
[Round "1"]
[White "sswagatha"]
[Black "Logarius"]
[Result "1-0"]
[ICCResult "Black resigns"]
[WhiteElo "1313"]
[BlackElo "1458"]
[Opening "Sicilian: Alapin's variation (2.c3)"]
[ECO "B22"]
[NIC "SI.46"]
[Time "11:03:49"]
[PlyCount "81"]
[TimeControl "1800+10"]


1. e4 c5 2. c3 d6 3. d4 cxd4 4. cxd4 Nf6 5. Nc3 g6 6. Nf3 Bg7 7. Bc4 O-O 8.
h3 Nc6 9. O-O Bd7 10. e5 Ne8 11. Bf4 Rc8 12. b4 Nxb4 13. Qb3 a5 14. a4 Qc7
15. Nd2 dxe5 16. dxe5 Bxe5 17. Bxe5 Qxe5 18. Rfe1 Qd4 19. Rad1 Qc5 20. Nce4
Qd4 21. Re3 Bf5 22. Rc1 Nd6 23. Nf3 Qg7 24. Nxd6 exd6 25. Qd1 d5 26. Bb3
Rxc1 27. Qxc1 d4 28. Re7 b6 29. Ng5 Qf6 30. Qc7 Be6 31. Nxe6 fxe6 32. Bxe6+
Rf7 33. Bxf7+ Kf8 34. Qd8+ Kg7 35. Bg8+ Kh6 36. Rxh7+ Kg5 37. f4+ Kf5 38.
g4+ Ke4 39. Qxf6 Kd3 40. Rd7 Ke3 41. Qxd4+ { Black resigns } 1-0

[Event "ICC tourney 2228 (30 10)"]
[Site "Internet Chess Club"]
[Date "2020.12.20"]
[Round "1"]
[White "halobeams"]
[Black "sspugazh10"]
[Result "0-1"]
[ICCResult "White checkmated"]
[WhiteElo "1300"]
[BlackElo "1441"]
[Opening "Queen's pawn: London system"]
[ECO "A45"]
[NIC "QP.07"]
[Time "11:03:49"]
[PlyCount "74"]
[TimeControl "1800+10"]


1. d4 Nf6 2. Bf4 e6 3. e3 a6 4. Bd3 Nc6 5. h3 d5 6. c3 b5 7. a3 Bb7 8. Nf3
Bd6 9. Ne5 Bxe5 10. dxe5 Nd7 11. Qg4 g6 12. Bg5 Ndxe5 13. Bxd8 Nxg4 14. Bh4
Nge5 15. Bc2 Rg8 16. Bg5 Rf8 17. f4 Nc4 18. Ke2 Nxb2 19. Nd2 f6 20. Bh6 Rf7
21. h4 O-O-O 22. h5 gxh5 23. Rxh5 e5 24. Bf5+ Kb8 25. fxe5 fxe5 26. Nf3 Rd6
27. Nh4 Rdf6 28. Rf1 Ne7 29. g4 Nxf5 30. Nxf5 Bc8 31. Bg5 Bxf5 32. Rxf5
Rxf5 33. gxf5 Rxf5 34. Rxh7 Rxg5 35. Rd7 Na4 36. Kd3 e4+ 37. Kd4 c5# {
White checkmated } 0-1

[Event "ICC tourney 2228 (30 10)"]
[Site "Internet Chess Club"]
[Date "2020.12.20"]
[Round "1"]
[White "Fredzhang"]
[Black "crazyhorse9"]
[Result "1-0"]
[ICCResult "Black forfeits on time"]
[WhiteElo "1319"]
[BlackElo "1462"]
[Opening "Four knights: double Ruy Lopez"]
[ECO "C49"]
[NIC "KP.03"]
[Time "11:03:51"]
[PlyCount "63"]
[TimeControl "1800+10"]


1. e4 e5 2. Nf3 Nc6 3. Nc3 Nf6 4. Bb5 Bb4 5. O-O Bxc3 6. Bxc6 bxc6 7. bxc3
O-O 8. Re1 Re8 9. d3 h6 10. c4 d6 11. Bd2 Rb8 12. Rb1 Bg4 13. Rb3 Qd7 14.
h3 Be6 15. Qb1 Rxb3 16. Qxb3 Bxh3 17. gxh3 Qxh3 18. Nh2 Nh5 19. d4 Qh4 20.
d5 f5 21. c5 Rf8 22. cxd6 cxd5 23. Qxd5+ Kh8 24. d7 fxe4 25. Be3 Qe7 26.
Rd1 Rd8 27. Qc6 Nf6 28. Qxc7 Nxd7 29. Bxa7 Qg5+ 30. Kh1 Qe7 31. a4 e3 32.
Bxe3 { Black forfeits on time } 1-0

[Event "ICC tourney 2228 (30 10)"]
[Site "Internet Chess Club"]
[Date "2020.12.20"]
[Round "1"]
[White "joeandjoe28"]
[Black "Mannansh"]
[Result "0-1"]
[ICCResult "White checkmated"]
[WhiteElo "1423"]
[BlackElo "1257"]
[Opening "Scandinavian defense"]
[ECO "B01"]
[NIC "SD.03"]
[Time "11:03:48"]
[PlyCount "112"]
[TimeControl "1800+10"]


1. e4 d5 2. exd5 Nf6 3. Nf3 Nxd5 4. d4 g6 5. Bc4 Bg7 6. h3 O-O 7. c3 Nc6 8.
Bb3 Nb6 9. Bf4 Re8 10. O-O e5 11. dxe5 Qxd1 12. Rxd1 Nxe5 13. Nxe5 Bxe5 14.
Re1 Nd7 15. Nd2 Kg7 16. Nf3 f6 17. Nxe5 Nxe5 18. Rad1 Bf5 19. g4 Nf3+ 20.
Kf1 Rxe1+ 21. Rxe1 Bd3+ 22. Re2 Bxe2+ 23. Kxe2 Ne5 24. Bd5 c6 25. Bb3 Re8
26. Be3 b5 27. f4 Nc4 28. Bxc4 bxc4 29. Kf3 Rb8 30. Bc1 g5 31. f5 Kf7 32.
Ke3 Re8+ 33. Kf2 Rh8 34. b3 cxb3 35. axb3 h5 36. Kg3 Rd8 37. Bb2 Rd3+ 38.
Kf2 Rd2+ 39. Ke3 Rxb2 40. b4 hxg4 41. hxg4 Rg2 42. Kf3 Rc2 43. b5 cxb5 44.
Ke3 Rxc3+ 45. Kd4 Rc4+ 46. Kd3 Rxg4 47. Kc3 Rf4 48. Kd3 Rxf5 49. Kc3 g4 50.
Kd3 g3 51. Kc3 g2 52. Kd4 g1=Q+ 53. Ke4 Qg4+ 54. Kd3 Rf3+ 55. Ke2 Qg2+ 56.
Kd1 Rf1# { White checkmated } 0-1

[Event "ICC tourney 2228 (30 10)"]
[Site "Internet Chess Club"]
[Date "2020.12.20"]
[Round "1"]
[White "Paladin51"]
[Black "kkhanna"]
[Result "1/2-1/2"]
[ICCResult "Game drawn by repetition"]
[WhiteElo "1590"]
[BlackElo "1418"]
[Opening "King's Indian: East Indian defense"]
[ECO "A48"]
[NIC "QP.06"]
[Time "11:03:49"]
[PlyCount "116"]
[TimeControl "1800+10"]


1. d4 Nf6 2. Nf3 g6 3. Nbd2 Bg7 4. e4 d6 5. Bd3 O-O 6. O-O Nc6 7. c3 e5 8.
d5 Ne7 9. h3 Nd7 10. Qc2 Nc5 11. b4 Nxd3 12. Qxd3 f5 13. c4 fxe4 14. Nxe4
Bf5 15. Bg5 h6 16. Bxe7 Qxe7 17. Rae1 Qf7 18. Kh2 g5 19. Qe3 g4 20. hxg4
Bxg4 21. Nfd2 Qf4+ 22. Qxf4 Rxf4 23. f3 Bd7 24. g3 Rf5 25. Kg2 Rf7 26. Rh1
Raf8 27. Rh4 Bf5 28. Reh1 Bxe4 29. Rxe4 Kh7 30. Reh4 Kg8 31. Rg4 Kh7 32.
Rgh4 e4 33. Nxe4 Kg8 34. f4 Re7 35. Kf3 Rfe8 36. f5 Rf7 37. g4 Rfe7 38. Re1
Kf7 39. g5 hxg5 40. Nxg5+ Kf6 41. Rxe7 Rxe7 42. Ne6 Kxf5 43. Rf4+ Kg6 44.
Rg4+ Kf6 45. Rxg7 Rxg7 46. Nxg7 Kxg7 47. Ke4 Kf6 48. Kf4 Kg6 49. a4 Kf6 50.
Ke4 b6 51. b5 Kg5 52. Ke3 Kf5 53. Kf3 Ke5 54. Ke3 Kf5 55. Kf3 Ke5 56. Ke3
Kf5 57. Kf3 Ke5 58. Ke3 Kf5 { Game drawn by repetition } 1/2-1/2

[Event "ICC tourney 2228 (30 10)"]
[Site "Internet Chess Club"]
[Date "2020.12.20"]
[Round "2"]
[White "Logarius"]
[Black "phosur"]
[Result "1-0"]
[ICCResult "Black checkmated"]
[WhiteElo "1458"]
[BlackElo "1347"]
[Opening "Queen's pawn, Mason variation"]
[ECO "D00"]
[NIC "QP.08"]
[Time "13:01:45"]
[PlyCount "55"]
[TimeControl "1800+10"]


1. d4 d5 2. Bf4 e6 3. e3 Nf6 4. c3 Be7 5. Nd2 O-O 6. Ngf3 Nbd7 7. Bd3 c5 8.
h4 cxd4 9. cxd4 h6 10. Ne5 Re8 11. a3 Nxe5 12. dxe5 Nd7 13. Qg4 Kh8 14. Qh5
Nf8 15. Bxh6 gxh6 16. Qxh6+ Kg8 17. Rh3 Ng6 18. Bxg6 fxg6 19. Qxg6+ Kh8 20.
Qh6+ Kg8 21. Rg3+ Bg5 22. Rxg5+ Qxg5 23. hxg5 Kf7 24. Qf6+ Kg8 25. g6 Rf8
26. Qe7 Rf7 27. Qxf7+ Kh8 28. Qh7# { Black checkmated } 1-0

[Event "ICC tourney 2228 (30 10)"]
[Site "Internet Chess Club"]
[Date "2020.12.20"]
[Round "2"]
[White "PSelvin"]
[Black "Kyriakos1301"]
[Result "0-1"]
[ICCResult "White resigns"]
[WhiteElo "1446"]
[BlackElo "1550"]
[Opening "Sicilian: closed"]
[ECO "B23"]
[NIC "SI.44"]
[Time "13:01:44"]
[PlyCount "47"]
[TimeControl "1800+10"]


1. e4 c5 2. Nc3 e6 3. f4 Be7 4. Nf3 d6 5. Bb5+ Nc6 6. d3 Nf6 7. O-O O-O 8.
Bxc6 bxc6 9. Qe1 Rb8 10. h3 Nd7 11. g4 Ba6 12. Qg3 d5 13. f5 Qb6 14. Kh1 c4
15. Bf4 Rbc8 16. fxe6 fxe6 17. Ng5 Bxg5 18. Bxg5 Qxb2 19. Qd6 Qxc3 20.
Qxe6+ Kh8 21. Qxd7 cxd3 22. cxd3 Qxd3 23. Qe7 Qxh3+ 24. Kg1 { White resigns
} 0-1

[Event "ICC tourney 2228 (30 10)"]
[Site "Internet Chess Club"]
[Date "2020.12.20"]
[Round "2"]
[White "kkhanna"]
[Black "qixin99"]
[Result "1/2-1/2"]
[ICCResult "Game drawn by mutual agreement"]
[WhiteElo "1418"]
[BlackElo "1540"]
[Opening "Neo-Grünfeld, 6.O-O"]
[ECO "D77"]
[NIC "GI.02"]
[Time "13:01:42"]
[PlyCount "55"]
[TimeControl "1800+10"]


1. d4 Nf6 2. Nf3 g6 3. g3 Bg7 4. Bg2 O-O 5. O-O d5 6. c4 c5 7. dxc5 dxc4 8.
Qa4 Nc6 9. Qxc4 Be6 10. Qa4 Qc8 11. a3 Bh3 12. Nc3 Bxg2 13. Kxg2 Nd7 14.
Qh4 Nxc5 15. Bh6 Ne6 16. Bxg7 Kxg7 17. Rac1 Qd8 18. Rfd1 Qb6 19. Nd5 Qxb2
20. Rb1 Qxa3 21. Rxb7 f6 22. Ne3 Rfd8 23. Rbd7 Rxd7 24. Rxd7 Rd8 25. Rxd8
Nexd8 26. Qg4 Qa5 27. Nh4 Qg5 28. Qa4 { Game drawn by mutual agreement }
1/2-1/2

[Event "ICC tourney 2228 (30 10)"]
[Site "Internet Chess Club"]
[Date "2020.12.20"]
[Round "2"]
[White "sspugazh10"]
[Black "solveur"]
[Result "0-1"]
[ICCResult "White checkmated"]
[WhiteElo "1441"]
[BlackElo "1319"]
[Opening "Giuoco Pianissimo: Italian four knights variation"]
[ECO "C50"]
[NIC "IG.02"]
[Time "13:02:38"]
[PlyCount "126"]
[TimeControl "1800+10"]


1. e4 e5 2. Nf3 Nc6 3. Bc4 Bc5 4. Nc3 Nf6 5. d3 h6 6. O-O d6 7. h3 O-O 8.
Re1 Be6 9. b3 Ne7 10. Be3 Bb4 11. Bd2 Bd7 12. a3 Bxc3 13. Bxc3 b5 14. Bd5
c6 15. d4 cxd5 16. dxe5 dxe5 17. Bxe5 Nxe4 18. Bb2 Be6 19. Qd3 a6 20. a4
bxa4 21. Rxa4 Qb6 22. Re2 Qb5 23. Qd4 Nf5 24. Qd1 Rfc8 25. Nd4 Nxd4 26.
Qxd4 Nf6 27. Qe3 Re8 28. Qf3 Ne4 29. Re1 Rac8 30. Qd1 Qc5 31. Re2 a5 32.
Bd4 Qc7 33. f3 Nc3 34. Bxc3 Qxc3 35. Rd4 Bf5 36. Rxd5 Bxc2 37. Rxe8+ Rxe8
38. Qd2 Re1+ 39. Kf2 Qxd2+ 40. Rxd2 Rc1 41. Rd8+ Kh7 42. Rc8 Kg6 43. Ke2
Bd3+ 44. Kxd3 Rxc8 45. Ke4 Rc3 46. g4 Rxb3 47. f4 a4 48. f5+ Kg5 49. Ke5 a3
50. h4+ Kxg4 51. f6 gxf6+ 52. Kxf6 Kxh4 53. Kxf7 a2 54. Kg6 a1=Q 55. Kxh6
Qh8+ 56. Kg6 Rg3+ 57. Kf5 Qf8+ 58. Ke6 Re3+ 59. Kd7 Qf2 60. Kd6 Qd2+ 61.
Kc5 Rc3+ 62. Kb4 Qb2+ 63. Ka4 Ra3# { White checkmated } 0-1

[Event "ICC tourney 2228 (30 10)"]
[Site "Internet Chess Club"]
[Date "2020.12.20"]
[Round "2"]
[White "lwidjaja"]
[Black "pmchess98"]
[Result "1-0"]
[ICCResult "Black resigns"]
[WhiteElo "1409"]
[BlackElo "1441"]
[Opening "Two knights defense (Modern bishop's opening)"]
[ECO "C55"]
[NIC "IG.01"]
[Time "13:01:41"]
[PlyCount "80"]
[TimeControl "1800+10"]


1. e4 e5 2. Nf3 Nc6 3. Bc4 Nf6 4. d3 h6 5. c3 Bc5 6. a4 O-O 7. O-O a5 8.
Nbd2 d5 9. exd5 Nxd5 10. Ne4 Ba7 11. Bxd5 Qxd5 12. Bxh6 f5 13. Bxg7 fxe4
14. Bxf8 exf3 15. Bh6 fxg2 16. Re1 Qf7 17. Qd2 Bh3 18. Be3 b6 19. Bh6 Kh7
20. Re3 Bg4 21. Rg3 Rg8 22. Re1 Qh5 23. Be3 Ne7 24. d4 e4 25. Bf4 Nf5 26.
Rxe4 Nxg3 27. Bxg3 Bf3 28. Rh4 Qxh4 29. Bxh4 Rg4 30. Qd3+ Be4 31. Qh3 Bf5
32. Bf6+ Kg6 33. Qh8 Kf7 34. Be5 Rg6 35. Qd8 Re6 36. Qa8 c5 37. Qxa7+ Re7
38. Qxb6 cxd4 39. Qf6+ Ke8 40. Qxf5 dxc3 { Black resigns } 1-0

[Event "ICC tourney 2228 (30 10)"]
[Site "Internet Chess Club"]
[Date "2020.12.20"]
[Round "2"]
[White "jjplaman"]
[Black "i3izarre"]
[Result "1-0"]
[ICCResult "Black checkmated"]
[WhiteElo "1415"]
[BlackElo "1458"]
[Opening "Giuoco Pianissimo"]
[ECO "C50"]
[NIC "IG.02"]
[Time "13:01:44"]
[PlyCount "63"]
[TimeControl "1800+10"]


1. e4 e5 2. Nf3 Nc6 3. Bc4 Bc5 4. d3 h6 5. Nc3 Nf6 6. Bd2 d6 7. h3 O-O 8.
Qc1 Kh7 9. O-O Be6 10. Nd5 Nd4 11. Nxd4 Bxd4 12. Kh1 Nh5 13. Be3 Bxe3 14.
Nxe3 Qg5 15. Bxe6 fxe6 16. Qd1 Nf4 17. Qg4 Qe7 18. Kh2 Rf6 19. g3 Ng6 20.
f4 exf4 21. gxf4 Raf8 22. f5 exf5 23. Rxf5 Rxf5 24. Nxf5 Qe5+ 25. Kh1 Qxb2
26. Rg1 Qf6 27. h4 Rf7 28. h5 Ne5 29. Qg3 g6 30. d4 gxf5 31. dxe5 dxe5 32.
Qg8# { Black checkmated } 1-0

[Event "ICC tourney 2228 (30 10)"]
[Site "Internet Chess Club"]
[Date "2020.12.20"]
[Round "2"]
[White "wildrumpus"]
[Black "sswagatha"]
[Result "1-0"]
[ICCResult "Black checkmated"]
[WhiteElo "1535"]
[BlackElo "1313"]
[Opening "Queen's pawn: stonewall attack"]
[ECO "D00"]
[NIC "QP.08"]
[Time "13:01:49"]
[PlyCount "107"]
[TimeControl "1800+10"]


1. d4 d5 2. e3 Nf6 3. Bd3 Nc6 4. f4 Bg4 5. Nf3 e6 6. c3 Bd6 7. Nbd2 Qe7 8.
O-O g6 9. Qb3 Rb8 10. Qc2 h6 11. Bb5 g5 12. Ne5 Bxe5 13. fxe5 Nd7 14. e4 a6
15. Bd3 Rf8 16. exd5 exd5 17. a4 f6 18. b3 Qg7 19. e6 Nb6 20. Ba3 Rg8 21.
Rae1 Rd8 22. Bf5 Bh5 23. g4 Bg6 24. Rf2 Ne7 25. Bxg6+ Qxg6 26. Qxg6+ Rxg6
27. Ref1 Ng8 28. Nf3 Ne7 29. Ne5 Rg8 30. Rxf6 Rh8 31. Bxe7 Kxe7 32. Ng6+
Kd6 33. e7+ Kd7 34. exd8=Q+ Rxd8 35. Rf7+ Kc8 36. Rf8 Rxf8 37. Rxf8+ Kd7
38. Ne5+ Ke7 39. Rf7+ Ke6 40. Rxc7 Na8 41. Rxb7 Kf6 42. Kf2 Ke6 43. Kg3 Kf6
44. h4 gxh4+ 45. Kxh4 Ke6 46. Kh5 Kf6 47. Kxh6 Ke6 48. g5 a5 49. g6 Kd6 50.
Nf7+ Kc6 51. Nd8+ Kd6 52. g7 Nc7 53. g8=Q Ne6 54. Qxe6# { Black checkmated
} 1-0

[Event "ICC tourney 2228 (30 10)"]
[Site "Internet Chess Club"]
[Date "2020.12.20"]
[Round "2"]
[White "RatislavK"]
[Black "cohaji"]
[Result "1-0"]
[ICCResult "Black resigns"]
[WhiteElo "1311"]
[BlackElo "1500"]
[Opening "Queen's pawn game, Darooha variation "]
[ECO "D02"]
[NIC "QP.06"]
[Time "13:01:50"]
[PlyCount "71"]
[TimeControl "1800+10"]


1. d4 Nf6 2. Nf3 d5 3. g3 Bf5 4. Bg2 h6 5. c4 c6 6. Nc3 e6 7. Qb3 Qc7 8. c5
Nbd7 9. Bf4 Qc8 10. O-O Nh5 11. Bd2 g5 12. h3 Bh7 13. Nh2 Qc7 14. Na4 Bg7
15. Qc3 b5 16. cxb6 axb6 17. b3 b5 18. Nc5 Nxc5 19. Qxc5 Nf6 20. Bb4 Bf8
21. Qc3 Ne4 22. Bxe4 Bxb4 23. Qxb4 Bxe4 24. Ng4 Qd8 25. Ne5 Rc8 26. Rfc1
Bf5 27. Nxc6 Qd7 28. Ne7 Rxc1+ 29. Rxc1 f6 30. Rc8+ Kf7 31. Rxh8 Qc7 32.
Nxf5 Qc1+ 33. Kg2 exf5 34. Qf8+ Ke6 35. Qe8+ Kd6 36. Qd8+ { Black resigns }
1-0

[Event "ICC tourney 2228 (30 10)"]
[Site "Internet Chess Club"]
[Date "2020.12.20"]
[Round "2"]
[White "Mannansh"]
[Black "Paladin51"]
[Result "0-1"]
[ICCResult "White resigns"]
[WhiteElo "1257"]
[BlackElo "1590"]
[Opening "Sicilian: Smith-Morra gambit"]
[ECO "B21"]
[NIC "SI.48"]
[Time "13:01:42"]
[PlyCount "96"]
[TimeControl "1800+10"]


1. e4 c5 2. d4 cxd4 3. c3 dxc3 4. Nxc3 Nc6 5. Bc4 e6 6. Nf3 d6 7. O-O Be7
8. Bf4 e5 9. Be3 Nf6 10. Qb3 O-O 11. Ng5 Qe8 12. Nb5 Na5 13. Qc3 Nxc4 14.
Qxc4 Qc6 15. Qxc6 bxc6 16. Nc3 d5 17. f4 Ng4 18. Bd2 Bc5+ 19. Kh1 Nf2+ 20.
Rxf2 Bxf2 21. exd5 cxd5 22. fxe5 Be6 23. Nb5 Rac8 24. Bc3 h6 25. Nf3 a6 26.
Nd6 Rb8 27. Rb1 Bc5 28. a3 Bxa3 29. Ra1 Bxb2 30. Bxb2 Rxb2 31. Rxa6 Rb1+
32. Ng1 Rfb8 33. h3 Rd1 34. Kh2 Rb2 35. Ra3 Rdd2 36. Rg3 d4 37. Nf3 Rd1 38.
Nc4 Bxc4 39. h4 Rbb1 40. Kh3 Be6+ 41. Rg4 Bxg4+ 42. Kxg4 d3 43. Kf4 Kf8 44.
Ke3 Rb8 45. g4 Rd8 46. g5 hxg5 47. hxg5 Rh1 48. Nd4 Rxd4 { White resigns }
0-1

[Event "ICC tourney 2228 (30 10)"]
[Site "Internet Chess Club"]
[Date "2020.12.20"]
[Round "2"]
[White "crazyhorse9"]
[Black "joeandjoe28"]
[Result "0-1"]
[ICCResult "White forfeits on time"]
[WhiteElo "1462"]
[BlackElo "1423"]
[Opening "Giuoco Piano"]
[ECO "C54"]
[NIC "IG.02"]
[Time "13:02:09"]
[PlyCount "60"]
[TimeControl "1800+10"]


1. e4 e5 2. Nf3 Nc6 3. Bc4 Bc5 4. c3 Nf6 5. d4 exd4 6. e5 d5 7. Bb5 Ne4 8.
cxd4 Bb6 9. Nc3 Nxc3 10. bxc3 Bd7 11. O-O O-O 12. Bd3 h6 13. h3 Ne7 14. Re1
c5 15. Be3 Nf5 16. Bxf5 Bxf5 17. dxc5 Bc7 18. Qd2 Re8 19. Rad1 Be4 20. Nh2
Bxe5 21. Ng4 Bc7 22. Qd4 f6 23. Bxh6 Be5 24. Qe3 gxh6 25. Qxh6 Qe7 26. f4
Bxc3 27. Rxd5 Qg7 28. Qh5 Bxe1 29. Rd7 Re7 30. Nh6+ Kf8 { White forfeits on
time } 0-1

[Event "ICC tourney 2228 (30 10)"]
[Site "Internet Chess Club"]
[Date "2020.12.20"]
[Round "2"]
[White "ChalsparoV"]
[Black "Fredzhang"]
[Result "1/2-1/2"]
[ICCResult "Game drawn by mutual agreement"]
[WhiteElo "1569"]
[BlackElo "1319"]
[Opening "Queen's pawn game, Chigorin variation"]
[ECO "D02"]
[NIC "QP.08"]
[Time "13:01:48"]
[PlyCount "166"]
[TimeControl "1800+10"]


1. d4 d5 2. Nf3 Nc6 3. Bf4 Nf6 4. e3 Bg4 5. Nbd2 e6 6. c3 Ne4 7. Qb3 Nxd2
8. Nxd2 Rb8 9. Rc1 Bd6 10. Bg3 O-O 11. Bd3 Bh5 12. Qc2 h6 13. O-O Bxg3 14.
hxg3 Qd6 15. e4 Ne7 16. f4 c5 17. Rce1 Qc6 18. exd5 Nxd5 19. Re5 g6 20. Be4
Rfd8 21. Bf3 Bxf3 22. Nxf3 Qb6 23. Rfe1 Kg7 24. Kh1 c4 25. Nh4 Rd6 26. Qe2
Rc8 27. Nf3 Rh8 28. Qc2 Qc7 29. Nh4 Qb6 30. Qe2 Qc7 31. Nf3 a6 32. Nd2 b5
33. Ne4 Rc6 34. Nc5 Rxc5 35. dxc5 Qxc5 36. Rxe6 fxe6 37. Qe5+ Kh7 38. Qxe6
Rd8 39. Qf7+ Kh8 40. Re5 Qd6 41. Re6 Qf8 42. Qxg6 Ne7 43. Qh5 Ng8 44. Qe5+
Kh7 45. Qc7+ Kh8 46. Qe5+ Qg7 47. Qxg7+ Kxg7 48. Rxa6 Rd1+ 49. Kh2 Rb1 50.
Rb6 Rxb2 51. a4 Rc2 52. axb5 h5 53. Rc6 Rxc3 54. b6 Ne7 55. Rc7 Kf7 56. b7
Rb3 57. Rxc4 Rxb7 58. Rc5 Kg6 59. Rg5+ Kh6 60. g4 h4 61. Rh5+ Kg7 62. f5
Rb4 63. Kh3 Ra4 64. Kxh4 Nd5 65. Rg5+ Kf6 66. Rg6+ Kf7 67. g3 Ne7 68. Rg5
Ra8 69. Rh5 Kg7 70. Kg5 Ng8 71. Rh1 Nf6 72. Rb1 Ra7 73. Rb6 Ne4+ 74. Kf4
Ra4 75. g5 Nd6+ 76. Kf3 Nxf5 77. g4 Ra3+ 78. Kf4 Ne7 79. Rb7 Ra4+ 80. Ke5
Rxg4 81. Rxe7+ Kg6 82. Re8 Kxg5 83. Rg8+ Kh4 { Game drawn by mutual
agreement } 1/2-1/2

[Event "ICC tourney 2228 (30 10)"]
[Site "Internet Chess Club"]
[Date "2020.12.20"]
[Round "3"]
[White "Logarius"]
[Black "jjplaman"]
[Result "1-0"]
[ICCResult "Black checkmated"]
[WhiteElo "1458"]
[BlackElo "1415"]
[Opening "Queen's pawn: London system"]
[ECO "A45"]
[NIC "QP.07"]
[Time "15:01:20"]
[PlyCount "47"]
[TimeControl "1800+10"]


1. d4 Nf6 2. Bf4 g6 3. Nc3 Bg7 4. e4 d6 5. Nf3 O-O 6. Bc4 Nbd7 7. Qd3 Nb6
8. Bb3 Nbd7 9. O-O-O b6 10. Qe3 Bb7 11. h3 c5 12. Bh6 Bxh6 13. Qxh6 Bxe4
14. Nxe4 Nxe4 15. Ng5 Nxg5 16. Qxg5 e6 17. Qh6 d5 18. h4 cxd4 19. h5 Qf6
20. hxg6 Qxg6 21. Qh4 Nf6 22. Rh3 Kh8 23. Rg3 Qh5 24. Qxf6# { Black
checkmated } 1-0

[Event "ICC tourney 2228 (30 10)"]
[Site "Internet Chess Club"]
[Date "2020.12.20"]
[Round "3"]
[White "Kyriakos1301"]
[Black "ChalsparoV"]
[Result "0-1"]
[ICCResult "White checkmated"]
[WhiteElo "1550"]
[BlackElo "1569"]
[Opening "QGD Slav: 4.e3 Bf5"]
[ECO "D12"]
[NIC "QP.08"]
[Time "15:01:17"]
[PlyCount "44"]
[TimeControl "1800+10"]


1. d4 d5 2. Nf3 Nf6 3. e3 Bf5 4. c4 c6 5. Nc3 e6 6. Nh4 Bg6 7. Nxg6 hxg6 8.
Qc2 Nbd7 9. e4 dxe4 10. Nxe4 Nxe4 11. Qxe4 Bb4+ 12. Bd2 Bxd2+ 13. Kxd2 Rh4
14. Qe3 Qb6 15. Kc3 O-O-O 16. g3 Rh5 17. Bg2 c5 18. d5 Qb4+ 19. Kd3 Qxb2
20. Rab1 Ne5+ 21. Ke4 f5+ 22. Kf4 g5# { White checkmated } 0-1